Map: Paladino Terminal LE

Players

Taub - Winner!

  • Race: Zerg Zerg
  • League: Diamond
  • Spawn Location: 5:00

Musumeci

  • Race: Zerg Zerg
  • League: Diamond
  • Spawn Location: 9:00

VOD

Have the link to the VOD?

Description

Time

  • Played on: March 11, 2017, 5:16 a.m.
  • Length: 6:38
Show
View Real Time Build Order
Export as new Build Order

Taub Zerg - Winner!

Build Orders: Hatch First, Zergling Baneling 

Get SALT Encoding   

  12  0:01  Drone  
  13  0:08  Drone  
  14  0:18  Overlord  
  14  0:36  Drone x3  
  17  0:58  Hatchery  
  17  1:00  Drone  
  17  1:12  Spawning Pool  
  17  1:16  Drone, Extractor  
  16  1:23  Drone x2  
  18  1:33  Drone  
  19  1:42  Overlord  
  19  1:54  Drone  
  19  1:59  Queen  
  22  2:04  Zergling x2  
  23  2:11  Queen, Zergling x2  
  23  2:15  Drone  
  27  2:17  Metabolic Boost  
  27  2:28  Drone x2  
  29  2:38  Drone x2  
  29  2:43  Baneling Nest  
  30  2:52  Drone x2  
  32  2:58  Overlord  
  32  2:59  Overlord  
  32  3:19  Zergling x12  
  38  3:22  Zergling x6  
  41  3:34  Zergling x4  
  43  3:41  Zergling x4  
  45  3:48  Zergling x6  
  43  3:52  Queen  
  41  4:00  Zergling x10  
  45  4:06  Baneling x3  
  45  4:07  Baneling x6  
  45  4:17  Zergling x6  
  48  4:38  Zergling x10  
  46  4:39  Zergling x2  
  46  4:44  Baneling  
  46  4:45  Baneling x4  
  49  4:55  Zergling x2  
  49  4:56  Zergling x4  
  49  4:58  Overlord x2  
  43  5:17  Zergling x10  
  45  5:23  Zergling x6  
  48  5:36  Zergling x8  
  52  5:44  Baneling  
  52  5:45  Baneling x5  
  52  5:53  Zergling x2  
  52  5:54  Zergling x10  
  45  6:11  Zergling x4  
  45  6:12  Zergling x2  
Show
View Real Time Build Order
Export as new Build Order

Musumeci Zerg 

Build Orders: Pool First, Zergling Baneling 

Get SALT Encoding   

  12  0:01  Drone  
  13  0:08  Drone  
  14  0:17  Overlord  
  14  0:22  Extractor  
  14  0:24  Drone  
  15  0:38  Drone x2  
  17  0:48  Spawning Pool  
  16  0:50  Extractor  
  16  0:54  Drone  
  16  0:58  Drone  
  17  1:06  Drone  
  18  1:24  Evolution Chamber  
  17  1:33  Hatchery  
  17  1:44  Queen  
  19  1:48  Zergling x2  
  20  2:01  Metabolic Boost  
  20  2:04  Zergling x4  
  20  2:07  Overlord  
  22  2:40  Baneling Nest  
  21  2:47  Zergling x8  
  24  2:54  Queen  
  24  2:56  Zergling x6  
  29  3:06  Zergling x4  
  31  3:19  Zergling x6  
  34  3:34  Baneling x4  
  33  3:48  Zergling x10  
  26  4:01  Zergling x2  
  26  4:02  Zergling x4  
  28  4:06  Overlord  
  28  4:09  Baneling  
  28  4:10  Baneling  
  28  4:13  Baneling  
  28  4:23  Baneling x3  
  28  4:24  Baneling  
  26  4:41  Baneling  
  26  4:42  Baneling, Zergling x8  
  26  5:10  Baneling  
  26  5:11  Baneling, Zergling x12  
  27  5:32  Baneling  
  27  5:33  Baneling  
  27  5:44  Baneling  
  27  5:45  Baneling, Zergling x12  
  33  5:53  Baneling  
  33  5:54  Baneling  
  33  5:59  Queen  
  30  6:05  Zergling x2  
  30  6:07  Baneling x2  
Tags
 
Add a new tag
Caveats
  • Supply blocks, unpowered buildings, or Contaminate may cause inaccurate times.
  • Supply counts are checked every 10 seconds.